 Dungeon Sprint DCSS version 0.17-a0-1655-g88a8506 (webtiles) character file.

982 nuthulu the Grappler (level 7, -7/78 (81) HPs)
             Began as a Troll Berserker on Aug 15, 2015.
             Was a Priest of Trog.
             Mangled by a boulder beetle (29 damage)
             ... in the Dungeon (Sprint II: "The Violet Keep of Menkaure").
             The game lasted 00:02:38 (552 turns).

nuthulu the Grappler (Troll Berserker)               Turns: 552, Time: 00:02:38

HP:   -7/78 (81)    AC:  7    Str: 26    XL:     7   Next: 96%
MP:   6/6           EV: 13    Int:  3    God:    Trog [***...]
Gold: 64            SH:  0    Dex: 11    Spells: 0 memorised, 6 levels left

rFire  . . .     SeeInvis .       - Unarmed
rCold  . . .     Clarity  +     a - +0 animal skin
rNeg   + . .     SustAt   .     (no shield)
rPois  .         Gourm    +     (helmet restricted)
rElec  .         Spirit   .     j - +1 cloak {+Inv}
rCorr  .         Warding  .     (gloves unavailable)
rMut   .         NoTele   +     (boots unavailable)
MR     +++++                    i - amulet of the Four Winds {Clar rN+ MR+++}
Stlth  +.........               (no ring)
                                (no ring)

@: exhausted, regenerating, slowed, very slow, almost entirely resistant to
hostile enchantments, very unstealthy
A: unfitting armour, claws 3, fast metabolism 3, gourmand, regeneration 2,
shaggy fur 1, tough skin 2
a: Burn Spellbooks, Berserk, Trog's Hand, Renounce Religion, Evoke Invisibility


You were in the Dungeon.
You worshipped Trog.
Trog was most pleased with you.
You were not hungry.

You visited 1 branch You collected 729 gold pieces.
You spent 665 gold pieces at shops.

Inventory:

Armour
 a - a +0 animal skin (worn)
 j - a +1 cloak of invisibility (worn)
Jewellery
 i - the amulet of the Four Winds (around neck) {Clar rN+ MR+++}
   (You bought it in a shop in the Dungeon)

   [amulet of clarity]

   It provides mental clarity.
   It protects you from negative energy.
   It affects your resistance to hostile enchantments.
Scrolls
 h - a scroll of blinking
Potions
 c - a potion of curing
 d - 2 potions of heal wounds
 e - a potion of haste
 f - 2 potions of magic
 g - a potion of berserk rage
 k - a potion of might
Comestibles
 b - 2 bread rations


   Skills:
 + Level 8.9 Fighting
 + Level 8.9 Dodging
 + Level 10.5 Unarmed Combat


You had 6 spell levels left.
You didn't know any spells.

Dungeon Overview and Level Annotations

Branches:
Dungeon (1/1)

Altars:

Shops:
D =[:(}!*?(:!=%[*%

Annotations:
D exclusion: oklob plant, Roxanne


Innate Abilities, Weirdness & Mutations

You are too large for most types of armour.
You have claws for hands.
Your metabolism is lightning-fast.
You like to eat raw meat.
You heal very quickly.
You are covered in fur (AC +1).
You have very tough skin (AC +2).


Message History

The boulder beetle is almost dead.
You scratch the boulder beetle.
The boulder beetle is almost dead.
You claw the boulder beetle!
You kill the boulder beetle!
Trog accepts your kill.
You are no longer berserk.
You are exhausted.
You feel yourself slow down.
Unknown command.
Use which ability? (? or * to list)
Your skin crawls.
You feel resistant to hostile enchantments.
You feel slightly more hungry.
Found 19 bolts.
Found 81 gold pieces.
You claw the boulder beetle!
The boulder beetle is lightly wounded.
The boulder beetle bites you!!
You die...

############≈≈#+++#+++##
###########≈≈≈.........#
##.......∩#≈≈≈≈.##+##..#
##∩.....∩.#≈≈≈≈###.###
##.∩...∩.∩#≈≈≈≈#..#..#
##∩.∩.∩.∩.#≈≈####.#.####
##.∩.∩.∩..#≈##§###'###.#
##..∩.∩...#≈#...##.##...
##...⌠.@B.†≈'# #+.<.†.##
##........#≈#$..##.##...
#▓▓▓▓▓▓▓###≈##.###'###.#
##[Eh######≈≈# ##.#.####
#(.h#H ##≈≈≈#.###.#
#∩P/+H$ +#≈##.#.##
#?($#(## ≈≈##+## #(.$ ≈≈


You could see an iron elemental, a boulder beetle, an oklob plant and 2 polar
bears.

Vanquished Creatures
  A boulder beetle (D)
  Menkaure (D)
  2 hippogriffs (D)
  4 necrophages (D)
  4 worker ants (D)
12 creatures vanquished.

Notes
Turn   | Place    | Note
--------------------------------------------------------------
     0 | D        | nuthulu the Troll Berserker began the quest for the Orb.
     0 | D        | Reached XP level 1. HP: 22/22 MP: 0/0
     1 | D        | Noticed a worker ant
     1 | D        | Noticed a worker ant
     1 | D        | Noticed a worker ant
     1 | D        | Noticed a worker ant
     4 | D        | Killed a worker ant
     4 | D        | Reached skill level 4 in Unarmed Combat
     4 | D        | Reached XP level 2. HP: 32/32 MP: 1/1
    11 | D        | Killed a worker ant
    11 | D        | Reached skill level 5 in Unarmed Combat
    11 | D        | Reached XP level 3. HP: 39/39 MP: 2/2
    13 | D        | Killed a worker ant
    13 | D        | Acquired Trog's second power
    13 | D        | Reached XP level 4. HP: 45/49 MP: 3/3
    14 | D        | Killed a worker ant
    14 | D        | Reached skill level 5 in Fighting
    55 | D        | Noticed a boulder beetle
    55 | D        | Noticed a boulder beetle
    59 | D        | Noticed a hippogriff
    59 | D        | Noticed a hippogriff
    64 | D        | Killed a hippogriff
    64 | D        | Reached skill level 6 in Fighting
    64 | D        | Reached skill level 7 in Unarmed Combat
    64 | D        | Reached XP level 5. HP: 59/59 MP: 4/4
    65 | D        | Killed a hippogriff
    65 | D        | Reached skill level 8 in Unarmed Combat
    65 | D        | Reached XP level 6. HP: 71/71 MP: 5/5
   185 | D        | Noticed a necrophage
   185 | D        | Noticed a necrophage
   185 | D        | Noticed a necrophage
   185 | D        | Noticed a necrophage
   188 | D        | Killed a necrophage
   191 | D        | Killed a necrophage
   191 | D        | Reached skill level 9 in Unarmed Combat
   202 | D        | Killed a necrophage
   202 | D        | Reached XP level 7. HP: 62/77 MP: 6/6
   210 | D        | Killed a necrophage
   430 | D        | Noticed Roxanne
   432 | D        | Noticed Menkaure
   439 | D        | Killed Menkaure
   439 | D        | Reached skill level 10 in Unarmed Combat
   440 | D        | Found Eloll's Assorted Antiques.
   440 | D        | Found Puadiam's Food Emporium.
   441 | D        | Found Paxi's Food Shoppe.
   441 | D        | Found Xeste's Antique Armour Emporium.
   442 | D        | Found Ropigy's Distillery.
   442 | D        | Found Qoyxeng's Jewellery Emporium.
   443 | D        | Found Lecagena's Antique Weapon Shoppe.
   443 | D        | Found Arghog's Book Emporium.
   444 | D        | Found Biyvu's Magic Scroll Shoppe.
   445 | D        | Found Woopaax's Assorted Antiques.
   445 | D        | Found Ufo Pyma's Distillery.
   445 | D        | Noticed a polar bear
   446 | D        | Noticed a polar bear
   448 | D        | Found Qeutoel's Gadget Emporium.
   448 | D        | Found Veoc's Antique Weapon Shoppe.
   448 | D        | Noticed an oklob plant
   449 | D        | Noticed an iron elemental
   449 | D        | Found Ceupta's Antique Armour Shoppe.
   449 | D        | Found Waneob's Book Shoppe.
   449 | D        | Found Sihaz's Jewellery Emporium.
   482 | D        | Bought the amulet of the Four Winds {Clar rN+ MR+++} for 466 gold pieces
   498 | D        | Noticed a griffon
   499 | D        | Bought a glowing cloak for 94 gold pieces
   506 | D        | Noticed a griffon
   511 | D        | Bought a potion of might for 40 gold pieces
   514 | D        | Bought a potion of heal wounds for 65 gold pieces
   548 | D        | Killed a boulder beetle
   552 | D        | Mangled by a boulder beetle

Vault maps used:
D:        the_violet_keep_of_menkaure

Action                   |  1- 3 |  4- 6 |  7- 9 || total
-------------------------+-------+-------+-------++-------
Melee: Unarmed           |    10 |    22 |    32 ||    64
Invok: Berserk           |     1 |     1 |     1 ||     3
       Trog's Hand       |       |       |     2 ||     2
  Eat: Chunk             |       |     9 |       ||     9
